 Dungeon Crawl Stone Soup version 0.17-a0-1798-g879a7aa (webtiles) character file.

8 ololoev the Charmwright (level 2, 0/24 HPs)
             Began as a Draconian Skald on Sept 10, 2015.
             Slain by a bat (1 damage)
             ... on level 1 of the Dungeon.
             The game lasted 00:00:34 (378 turns).

ololoev the Charmwright (Draconian Skald)            Turns: 378, Time: 00:00:34

Health: 0/24       AC:  4    Str: 14    XL:     2   Next: 0%
Magic:  4/5        EV: 11    Int: 12    God:
Gold:   10         SH:  0    Dex: 10    Spells: 1 memorised, 4 levels left

rFire  . . .     SeeInvis .     d - -3 short sword (curse)
rCold  . . .     Clarity  .     (armour unavailable)
rNeg   . . .     SustAt   .     (no shield)
rPois  .         Gourm    .     (helmet restricted)
rElec  .         Spirit   .     (no cloak)
rCorr  .         Warding  .     (no gloves)
rMut   .         Stasis   .     (no boots)
MR     .....                    (no amulet)
Stlth  +.........               (no ring)
                                (no ring)

@: infused, not resistant to hostile enchantments, very unstealthy
A: unfitting armour, cold-blooded, AC +4
a: no special abilities


Innate Abilities, Weirdness & Mutations

Your plain brown scales are hard (AC +4).
Your body does not fit into most forms of armour.
You are cold-blooded and may be slowed by cold attacks.

Inventory:

Hand weapons
 a - a +0 spear
 d - a cursed -3 short sword (weapon)
Scrolls
 e - a scroll of remove curse {unknown}
Potions
 f - a potion of mutation {unknown}
Books
 b - a book of Battle

   Spells                             Type                      Level
   a - Infusion                       Charms                       1
   b - Shroud of Golubria             Charms/Translocation         2
   c - Song of Slaying                Charms                       2
   d - Spectral Weapon                Hexes/Charms                 3
   e - Regeneration                   Charms/Necromancy            3
Comestibles
 c - a bread ration


   Skills:
 - Level 2.1 Fighting
 + Level 2.2 Polearms
 - Level 1.3 Dodging
 + Level 2.3 Spellcasting
 - Level 2.6 Charms


You had 4 spell levels left.
You knew the following spells:

 Your Spells              Type           Power        Failure   Level  Hunger
a - Infusion              Chrm           #.....       12%         1    ##.....


You were on level 1 of the Dungeon.
You were not hungry.

You visited 1 branch of the dungeon, and saw 1 of its levels.

You collected 10 gold pieces.

# .# ## ###. ##
## .g #.. ... .
#> #.## #.#.#
####..###..#
#.#.#
.K....b@..# ....
########..####.#
#
.............#.#
########)#...#.#
#..........#...#
#.######.###...#
#.....)..#.....#
##########.##..#
#.# .....

Notes
Turn   | Place    | Note
--------------------------------------------------------------
     0 | D:1      | ololoev the Draconian Skald began the quest for the Orb.
     0 | D:1      | Reached XP level 1. HP: 17/17 MP: 3/3
   377 | D:1      | Reached XP level 2. HP: 1/24 MP: 5/5
   378 | D:1      | Slain by a bat

Dungeon Overview and Level Annotations

Branches:
Dungeon (1/15)

Altars:


Message History

You are too injured to fight recklessly!
You are too injured to fight recklessly!
You are too injured to fight recklessly!
You hit the kobold but do no damage.
The kobold is heavily wounded.
The kobold hits you but does no damage.
You closely miss the kobold.
The kobold is heavily wounded.
The kobold barely misses you.
You hit the kobold but do no damage.
Your tail-slap misses the kobold.
The kobold is heavily wounded.
The kobold hits you.
You barely miss the kobold.
The kobold is heavily wounded.
The kobold closely misses you.
You barely miss the kobold.
The kobold is heavily wounded.
The kobold misses you.
You hit the kobold but do no damage.
The kobold is heavily wounded.
The kobold hits you.
You barely miss the kobold.
The kobold is heavily wounded.
The kobold barely misses you.
A kobold comes into view. It is wielding a dagger.
You hit the kobold.
You kill the kobold!
You have reached level 2!
The bat barely misses you.
A goblin comes into view. It is wielding a club.
Press: ? - help, v - describe, . - travel, g - get item A wooden ring.
There is something else lying underneath.
The floor.
Casting: Infusion
Confirm with . or Enter, or press ? or * to list all spells.
You begin infusing your attacks with magical energy.
The goblin shouts!
The bat hits you.
You die...

You could see a goblin, a bat and a kobold.

Vanquished Creatures
  A goblin (D:1)
  3 hobgoblins (D:1)
  A giant newt (D:1)
  3 kobolds (D:1)
8 creatures vanquished.

Action                   || total
-------------------------++-------
Melee: Short sword       ||    58
       Spear             ||     1
 Cast: Infusion          ||     1

Vault maps used:
D:1:      dpeg_arrival_signposts, minmay_misc_feat_tiny
